 Dungeon Crawl Stone Soup version 0.22-a0-83-g218e7ff (webtiles) character file.

32496 galech the Brawler (level 13, -31/137 HPs)
             Began as a Troll Monk on Jan 19, 2018.
             Was a High Priest of Okawaru.
             Annihilated by a titanic slime creature (82 damage)
             ... on level 12 of the Dungeon.
             The game lasted 00:35:23 (13805 turns).

galech the Brawler (Troll Monk)                    Turns: 13805, Time: 00:35:24

Health: -31/137    AC: 10    Str: 26    XL:     13   Next: 31%
Magic:  12/12      EV:  8    Int:  8    God:    Okawaru [*****.]
Gold:   1180       SH: 10    Dex: 12    Spells: 12/12 levels left

rFire    + . .     SeeInvis .     - Unarmed
rCold    + + .     Gourm    +   L - +1 shield {AC+3}
rNeg     . . .     Faith    .   N - +2 robe {rC+ rF+}
rPois    .         Spirit   .   e - +0 hat {MR+}
rElec    .         Reflect  .   (no cloak)
rCorr    .         Harm     .   (gloves unavailable)
MR       +....                  (boots unavailable)
Stlth    ++........             (no amulet)
HPRegen  0.72/turn              j - +2 ring of intelligence
MPRegen  0.13/turn              F - ring of protection from cold

@: no status effects
A: large, unfitting armour, claws 3, fast metabolism 3, gourmand, regeneration
1, shaggy fur 1, tough skin 2
a: Heroism, Finesse, Renounce Religion


You were on level 12 of the Dungeon.
You worshipped Okawaru.
Okawaru was extremely pleased with you.
You were completely stuffed.

You visited 3 branches of the dungeon, and saw 15 of its levels.

You collected 1300 gold pieces.
You spent 120 gold pieces at shops.

Inventory:

Armour
 e - a +0 hat of magic resistance (worn)
 D - a +1 large shield of reflection
 I - a +0 troll leather armour
 L - a +1 shield of protection (worn)
 M - a +1 robe of magic resistance
 N - a +2 robe of resistance (worn)
Jewellery
 j - a +2 ring of intelligence (left claw)
 F - a ring of protection from cold (right claw)
Wands
 k - a wand of polymorph (10)
 r - a wand of iceblast (16)
 s - a wand of flame (24)
 v - a wand of acid (22)
 y - a wand of paralysis (31)
 A - a wand of disintegration (12)
Scrolls
 a - a scroll of torment {unknown}
 c - 7 scrolls of magic mapping {unknown}
 d - 2 scrolls of teleportation
 n - 4 scrolls of immolation
 o - 8 scrolls of remove curse
 p - 2 scrolls of blinking
 q - 2 scrolls of fog
 t - 3 scrolls of enchant armour
 w - a scroll of amnesia
 z - a scroll of summoning
 E - a scroll of fear
 K - a scroll of identify
 O - a scroll of enchant weapon {unknown}
Potions
 f - 3 potions of haste {unknown}
 g - 2 potions of mutation {unknown}
 h - a potion of magic {unknown}
 i - 3 potions of curing
 l - 3 potions of lignification {unknown}
 m - a potion of heal wounds {unknown}
 u - a potion of flight {unknown}
 x - a potion of agility {unknown}
 B - a potion of brilliance {unknown}
 C - a potion of ambrosia
 H - a potion of berserk rage
 J - a potion of cancellation
Miscellaneous
 G - a box of beasts
Comestibles
 b - 27 rations
 P - 7 chunks of flesh


   Skills:
 + Level 11.1 Fighting
 + Level 3.1 Armour
 - Level 2.4 Dodging
 - Level 1.0 Stealth
 + Level 3.1 Shields
 * Level 17.2 Unarmed Combat


You had 12 spell levels left.
You didn't know any spells.

Dungeon Overview and Level Annotations

Branches:
Dungeon (12/15)            Temple (1/1) D:5            Lair (0/6) D:10
    Orc (2/2) D:10            Elf (0/3) Orc:2

Altars:
Ashenzari
Cheibriados
Elyvilon
Gozag
Hepliaklqana
Makhleb
Okawaru
Qazlal
Vehumet
Wu Jian
Xom
Yredelemnul
Beogh

Shops:
D:4 =   D:8 %   D:10 *   Orc:2 }=!*


Innate Abilities, Weirdness & Mutations

You are too large for most types of armour.
You have claws for hands.
Your metabolism is lightning-fast.
You like to eat raw meat.
Your natural rate of healing is unusually fast.
You are covered in fur. (AC +1)
You have very tough skin. (AC +2)


Message History

You are too injured to fight recklessly!
You are too injured to fight recklessly!
You are too injured to fight recklessly!
You are too injured to fight recklessly!
You are too injured to fight recklessly!
You are too injured to fight recklessly!
You are too injured to fight recklessly!
You are too injured to fight recklessly!
You are too injured to fight recklessly!
You are too injured to fight recklessly!
You are too injured to fight recklessly!
You are too injured to fight recklessly!
You are too injured to fight recklessly!
You are too injured to fight recklessly!
You are too injured to fight recklessly!
You barely miss the bullfrog.
The bullfrog hits you but does no damage.
The titanic slime creature hits you!!!!
Ouch! That really hurt!
You die...

#.########
#.........
#..######. #..#
.#######..#
#.........#
.#######.######
#.#####.........#
#?.JJ@F..#.####.#
#.#####..#.#
#..#.# ...#.#
......# ##...#.#
......# #.# #


You could see a titanic slime creature, a slime creature and a bullfrog.

Vanquished Creatures
  Gastronok (D:11)
  The ghost of Curus the Severer, a journeyman HOAK of Lugonu (Orc:2)
  3 hydras
  4 two-headed ogres
  The ghost of Paulus the Devastator, a journeyman TeCj of Vehumet (D:10)
  3 orc high priests (Orc:2)
  Sonja (Orc:1)
  A sixfirhy (D:7)
  An unseen horror (D:10)
  The ghost of galech the Grappler, a novice TrMo of Okawaru (D:6)
  A necromancer (D:11)
  7 orc knights
  6 orc sorcerers
  Joseph (D:9)
  2 trolls
  6 hippogriffs
  Sigmund (D:3)
  2 shadows
  A wyvern (D:9)
  A wraith (D:10)
  4 yaks
  A basilisk (D:10)
  4 hogs (D:7)
  Eustachio (D:4)
  A human (D:7)
  2 hungry ghosts
  Menkaure (D:4)
  A warg (D:10)
  A soldier ant (D:11)
  28 orc warriors
  3 ice beasts
  7 sky beasts
  A hornet zombie (D:8)
  A necrophage (D:9)
  10 ogres
  5 phantoms
  4 centaurs
  2 crocodiles
  3 bullfrogs
  3 big kobolds
  A gnoll sergeant (D:10)
  A wyvern skeleton (D:9)
  5 scorpions
  9 killer bees
  11 wights
  7 howler monkeys
  2 crimson imps
  A quasit (D:11)
  2 centaur zombies (D:11)
  3 jellies
  34 orc wizards
  3 bullfrog skeletons
  17 orc priests
  4 hounds
  Natasha (thrice) (D:4)
  6 iguanas
  10 worker ants
  4 polar bear simulacra (D:11)
  A yak simulacrum (D:11)
  3 wolf simulacra (D:11)
  A hound zombie (D:5)
  2 hound skeletons
  2 worker ant zombies
  13 gnolls
  6 adders
  2 shadow imps
  An adder skeleton (D:7)
  2 worms (D:2)
  A leopard gecko (D:2)
  72 orcs
  2 bats
  10 giant cockroaches
  9 goblins
  9 hobgoblins
  17 jackals
  27 kobolds
  8 quokkas
  2 ball pythons
  3 frilled lizards
  A jackal skeleton (D:4)
  A quokka skeleton (D:4)
  A quokka zombie (D:8)
  9 rats
  3 river rat simulacra (D:11)
459 creatures vanquished.

Vanquished Creatures (others)
  A water elemental (D:12)
  2 centaurs
  An electric eel (D:12)
  An orc priest (Orc:2)
  2 orcs (Orc:2)
  A plant (D:10)
8 creatures vanquished.

Grand Total: 467 creatures vanquished

Notes
Turn   | Place    | Note
-------+----------+-------------------------------------------
     0 | D:1      | galech the Troll Monk began the quest for the Orb.
     0 | D:1      | Reached XP level 1. HP: 22/22 MP: 0/0
   120 | D:1      | Reached XP level 2. HP: 29/29 MP: 1/1
   387 | D:1      | Reached XP level 3. HP: 36/36 MP: 2/2
   519 | D:2      | Reached skill level 4 in Unarmed Combat
   541 | D:2      | Found an ornate altar of the Wu Jian Council.
  1072 | D:2      | Reached XP level 4. HP: 45/45 MP: 3/3
  1484 | D:3      | Found a stormy altar of Qazlal.
  1484 | D:3      | Noticed Sigmund
  1508 | D:3      | Killed Sigmund
  1508 | D:3      | Reached skill level 5 in Unarmed Combat
  1508 | D:3      | Reached XP level 5. HP: 14/53 MP: 4/4
  1717 | D:3      | Found a radiant altar of Vehumet.
  2039 | D:4      | Reached XP level 6. HP: 59/62 MP: 5/5
  2058 | D:4      | Noticed Eustachio
  2071 | D:4      | Killed Eustachio
  2071 | D:4      | Reached skill level 6 in Unarmed Combat
  2087 | D:4      | Noticed Natasha
  2095 | D:4      | Killed Natasha
  2280 | D:4      | Noticed Menkaure
  2410 | D:4      | Noticed Natasha
  2413 | D:4      | Killed Natasha
  2413 | D:4      | Reached XP level 7. HP: 70/70 MP: 6/6
  2524 | D:4      | Reached skill level 7 in Unarmed Combat
  2584 | D:4      | Noticed Natasha
  2601 | D:4      | HP: 3/71 [orc wizard/magic dart (10)]
  2752 | D:4      | Killed Natasha
  2874 | D:4      | Reached skill level 5 in Fighting
  2874 | D:4      | Reached skill level 8 in Unarmed Combat
  2919 | D:4      | Reached XP level 8. HP: 77/80 MP: 7/7
  3054 | D:4      | Found Puoshroot's Jewellery Boutique.
  3362 | D:4      | Killed Menkaure
  3384 | D:5      | Entered Level 5 of the Dungeon
  3571 | D:5      | Reached skill level 9 in Unarmed Combat
  4083 | D:5      | Found a staircase to the Ecumenical Temple.
  4098 | Temple   | Entered the Ecumenical Temple
  4121 | Temple   | Became a worshipper of Warmaster Okawaru
  4121 | Temple   | Reached * piety under Okawaru
  4121 | Temple   | Reached ** piety under Okawaru
  4539 | D:6      | Noticed galech's ghost (novice TrMo)
  4550 | D:6      | Killed galech's ghost
  4550 | D:6      | Reached skill level 10 in Unarmed Combat
  4550 | D:6      | Reached XP level 9. HP: 30/89 MP: 5/8
  5116 | D:6      | Reached skill level 11 in Unarmed Combat
  5356 | D:7      | Reached *** piety under Okawaru
  5444 | D:7      | Found a runed door.
  5448 | D:7      | Noticed a sixfirhy
  5600 | D:7      | Reached XP level 10. HP: 38/102 MP: 9/9
  5603 | D:7      | Reached skill level 12 in Unarmed Combat
  5938 | D:8      | Found Gomoekuesih's Food Boutique.
  5959 | D:8      | Reached **** piety under Okawaru
  6071 | D:8      | Noticed a two-headed ogre
  6076 | D:8      | Killed a two-headed ogre
  6081 | D:8      | Reached ***** piety under Okawaru
  6085 | D:8      | Found a shimmering altar of Xom.
  6109 | D:8      | Found an opulent altar of Gozag.
  6250 | D:8      | Noticed a two-headed ogre
  6259 | D:8      | Killed a two-headed ogre
  6259 | D:8      | Reached skill level 13 in Unarmed Combat
  6952 | D:9      | Found a shattered altar of Ashenzari.
  6988 | D:9      | Received a gift from Okawaru
  7158 | D:9      | Noticed Joseph
  7164 | D:9      | Killed Joseph
  7164 | D:9      | Reached XP level 11. HP: 113/113 MP: 7/10
  7379 | D:9      | Found an ornate altar of the Wu Jian Council.
  7419 | D:9      | Reached skill level 14 in Unarmed Combat
  7811 | D:10     | Entered Level 10 of the Dungeon
  7896 | D:10     | Found a staircase to the Lair.
  8309 | D:10     | Killed an unseen horror
  8536 | D:10     | Found a basalt altar of Yredelemnul.
  8538 | D:10     | Noticed Paulus's ghost (journeyman TeCj)
  8556 | D:10     | HP: 2/114 [Paulus's ghost/magic dart (8)]
  8557 | D:10     | Killed Paulus's ghost
  8701 | D:10     | Found a staircase to the Orcish Mines.
  8731 | D:10     | Noticed a five-headed hydra
  8780 | D:11     | Noticed Gastronok
  8815 | D:11     | Killed Gastronok
  8815 | D:11     | Received a gift from Okawaru
  8815 | D:11     | Reached skill level 15 in Unarmed Combat
  9006 | D:11     | Noticed a two-headed ogre
  9014 | D:11     | Killed a two-headed ogre
  9144 | D:11     | Noticed a necromancer
  9150 | D:11     | Killed a necromancer
  9235 | D:11     | Reached XP level 12. HP: 125/125 MP: 8/11
  9284 | D:11     | Reached skill level 10 in Fighting
  9315 | D:11     | Noticed an eight-headed hydra
  9735 | Orc:1    | Entered Level 1 of the Orcish Mines
  9908 | Orc:2    | Entered Level 2 of the Orcish Mines
  9912 | Orc:2    | Noticed a two-headed ogre
  9915 | Orc:2    | Noticed Sonja
  9958 | Orc:1    | Killed a two-headed ogre
  9958 | Orc:1    | Reached skill level 16 in Unarmed Combat
 10489 | Orc:1    | Found a roughly hewn altar of Beogh.
 11095 | Orc:2    | Noticed Curus's ghost (journeyman HOAK)
 11396 | Orc:2    | Killed Curus's ghost
 11396 | Orc:2    | Reached skill level 1 in Armour
 11396 | Orc:2    | Reached skill level 1 in Shields
 11731 | Orc:2    | Found a staircase to the Elven Halls.
 11818 | Orc:2    | Received a gift from Okawaru
 12141 | Orc:2    | Noticed an orc high priest
 12146 | Orc:2    | Killed an orc high priest
 12261 | Orc:2    | Noticed an orc high priest
 12277 | Orc:2    | Noticed an orc high priest
 12281 | Orc:2    | Reached XP level 13. HP: 136/136 MP: 10/12
 12289 | Orc:2    | Reached skill level 17 in Unarmed Combat
 12303 | Orc:2    | Reached ****** piety under Okawaru
 12542 | Orc:2    | Found Ufocen's Assorted Antiques.
 12542 | Orc:2    | Found Quxaunoph's Gadget Boutique.
 12544 | Orc:2    | Found Cerrudghe's Distillery.
 12544 | Orc:2    | Found Itaqai Izirgh's Jewellery Boutique.
 12568 | Orc:2    | Bought a potion of cancellation for 120 gold pieces
 12716 | Orc:1    | Killed Sonja
 12938 | D:10     | Found Minyhuc's Assorted Antiques.
 13805 | D:12     | Annihilated by a titanic slime creature

Vault maps used:
D:1:      tarquinn_simple_flora_water_b
D:2:      lemuel_round_altar
D:3:      lemuel_round_altar, vehumet_crystals, first_ration, uniq_sigmund
D:4:      serial_shops, nicolae_shop_temple_entry_statues_fountains,
          eino_tiny_chamber, uniq_menkaure, uniq_natasha, uniq_eustachio
D:5:      temple_fountains
D:7:      cheibrodos_shockbox, grunt_livestock
D:8:      grunt_temple_overflow_open, serial_shops, kennysheep_mini_moat,
          corexii_checkpoint_a
D:9:      ashenzari_conservatory_becter, basic_altar, uniq_joseph
D:10:     david_lair_generic, orc_0_dummy, serial_shops, shop, basic_altar
D:11:     grunt_ministairs_4, eino_house_with_fridge, uniq_gastronok
D:12:     special_room, lemuel_freeze_loot_1
Temple:   regret_index_temple_sphere_string
Orc:1:    basic_altar
Orc:2:    grunt_orc_tribal_feast, uniq_sonja

Skill      XL: |  1  2  3  4  5  6  7  8  9 10 11 12 13 |
---------------+----------------------------------------+-----
Unarmed Combat | 4 5 6 8 10 11 13 15 16 17 | 17.2
Fighting       | 3 4 5 6 7 8 9 10 11 | 11.1
Armour         | 2 3 |  3.1
Shields        | 2 3 |  3.1
Dodging        | |  2.4
Stealth        | |  1.0

Action                   |  1- 3 |  4- 6 |  7- 9 | 10-12 | 13-15 || total
-------------------------+-------+-------+-------+-------+-------++-------
Melee: Unarmed           |   110 |   125 |   293 |   712 |   122 ||  1362
       Punch             |     2 |     5 |     8 |    10 |       ||    25
Invok: Heroism           |       |       |     1 |    17 |     4 ||    22
       Finesse           |       |       |       |     2 |     3 ||     5
  Use: Scroll            |       |       |       |    11 |     2 ||    13
       Potion            |       |       |       |     1 |       ||     1
 Stab: Sleeping          |     4 |     3 |     6 |     2 |       ||    15
       Distracted        |       |       |       |     1 |     1 ||     2
  Eat: Chunk             |    15 |    13 |    29 |    66 |    14 ||   137
Armor: Robe              |    35 |    60 |    78 |    68 |    11 ||   252
       Troll leather arm |       |       |       |    80 |    11 ||    91
Dodge: Dodged            |    50 |    71 |   160 |   154 |    28 ||   463
Block: Large shield      |       |       |       |   364 |       ||   364
       Reflection        |       |       |       |    24 |       ||    24
       Shield            |       |       |       |    18 |    45 ||    63

Table legend:
 A = Spawn XP
 B = Non-spawn XP
 C = Spawn XP percentage of total XP
 D = Spawn monster count
 E = Non-spawn monster count
 F = Spawn count percentage of total count
 G = Total turns spent on level
                    A         B        C        D         E        F      G
               +---------+---------+-------+---------+---------+-------+---------
         Total |       0 |   46424 |   0.0 |       0 |     461 |   0.0 | 13805
               +---------+---------+-------+---------+---------+-------+---------
           D:1 |       0 |      46 |   0.0 |       0 |      29 |   0.0 |   454
           D:2 |       0 |      54 |   0.0 |       0 |      21 |   0.0 |   875
           D:3 |       0 |     251 |   0.0 |       0 |      19 |   0.0 |   806
           D:4 |       0 |    1335 |   0.0 |       0 |      33 |   0.0 |  1249
           D:5 |       0 |     464 |   0.0 |       0 |      19 |   0.0 |   738
           D:6 |       0 |    1484 |   0.0 |       0 |      18 |   0.0 |   761
           D:7 |       0 |    3149 |   0.0 |       0 |      40 |   0.0 |  1100
           D:8 |       0 |    3828 |   0.0 |       0 |      34 |   0.0 |  1015
           D:9 |       0 |    3606 |   0.0 |       0 |      36 |   0.0 |  1470
          D:10 |       0 |    5111 |   0.0 |       0 |      35 |   0.0 |   964
          D:11 |       0 |    8227 |   0.0 |       0 |      58 |   0.0 |  1024
          D:12 |       0 |    1821 |   0.0 |       0 |      14 |   0.0 |   365
         Orc:1 |       0 |    4943 |   0.0 |       0 |      42 |   0.0 |  1277
         Orc:2 |       0 |   12105 |   0.0 |       0 |      63 |   0.0 |  1667
               +---------+---------+-------+---------+---------+-------+---------
